 Dungeon Crawl Stone Soup version 0.21-a0-195-gc079aee (webtiles) character file.

509078 Helio the Imperceptible (level 23, -19/139 HPs)
             Began as a Spriggan Enchanter on Aug 15, 2017.
             Was the Champion of Dithmenos.
             Demolished by Sojobo
             ... wielding a +0 great sword of electrocution
              (33 damage)
             ... on level 3 of the Depths.
             The game lasted 04:05:05 (86574 turns).

Helio the Imperceptible (Spriggan Enchanter)       Turns: 86574, Time: 04:05:06

Health: -19/139    AC:  7    Str: 10    XL:     23   Next: 89%
Magic:  37/53      EV: 41    Int: 25    God:    Dithmenos [******]
Gold:   3681       SH: 11    Dex: 18    Spells: 22/64 levels left

rFire    + + .     SeeInvis +   i - +4 rapier (elec)
rCold    + . .     Gourm    .   J - +3 warlock's mirror {reflect}
rNeg     . . .     Faith    .   z - +2 robe {rC+ rF+}
rPois    .         Spirit   .   (helmet restricted)
rElec    .         Reflect  +   O - +2 cloak {+Inv}
rCorr    .         Harm     .   (gloves unavailable)
MR       ++++.                  (boots unavailable)
Stlth    ++++++++++             r - amulet of Vitality {Regen+ HP+15}
HPRegen  0.73/turn              Z - +4 ring of evasion
MPRegen  0.33/turn              n - +6 ring of intelligence

@: about to teleport, wreathed by umbra, very quick
A: unfitting armour, antennae 1, see invisible, fire resistance 1, herbivore 3,
speed 3, high mp 1, slow metabolism 2
}: 3/15 runes: serpentine, barnacled, silver
a: Shadow Step, Shadow Form, Renounce Religion, Evoke Invisibility


You were on level 3 of the Depths.
You worshipped Dithmenos.
Dithmenos was exalted by your worship.
You were not hungry.

You visited 9 branches of the dungeon, and saw 43 of its levels.
You also visited: Ossuary and Ice Cave.

You collected 5698 gold pieces.
You spent 2017 gold pieces at shops.

Inventory:

Hand Weapons
 i - a +4 rapier of electrocution (weapon)
 w - a +2 quick blade of holy wrath
Missiles
 W - 9 throwing nets (quivered)
Armour
 v - a scarf of cloud immunity
 z - a +2 robe of resistance (worn)
 J - the +3 warlock's mirror (worn) {reflect}
   (You found it on level 10 of the Dungeon)
 O - a +2 cloak of invisibility (worn)
Jewellery
 n - a +6 ring of intelligence (right hand)
 p - the ring of Godeleob {rElec rC- rN+ MR+ Stlth+}
   (You found it on level 2 of the Depths)

   [ring of stealth]

   It makes you vulnerable to cold.
   It insulates you from electricity.
   It protects you from negative energy.
   It affects your resistance to hostile enchantments.
   It makes you more stealthy.
 r - the amulet of Vitality (around neck) {Regen+ HP+15}
   (You bought it in a shop on level 15 of the Dungeon)

   [amulet of regeneration]

   It affects your health (+15).
   It increases your rate of regeneration.
 x - an uncursed ring of protection from fire
 K - an uncursed ring of protection from fire
 Z - a +4 ring of evasion (left hand)
Wands
 s - a wand of digging (7/24)
 D - a wand of enslavement (10/24)
 I - a wand of digging (19/24)
Scrolls
 a - 3 scrolls of holy word
 b - 8 scrolls of blinking
 g - 11 scrolls of teleportation
 h - 4 scrolls of fear
 o - 25 scrolls of identify
 q - 28 scrolls of remove curse
 t - 4 scrolls of magic mapping
 C - 8 scrolls of fog
Potions
 e - a potion of ambrosia
 f - 19 potions of curing
 j - a potion of magic
 k - 8 potions of flight
 l - a potion of might
 m - 3 potions of heal wounds
 B - 3 potions of mutation
 M - 6 potions of invisibility
 X - 7 potions of lignification
Miscellaneous
 c - 3 phantom mirrors
Comestibles
 d - 16 bread rations
 L - 6 fruits


   Skills:
 + Level 14.0 Fighting
 - Level 14.0 Short Blades
 + Level 22.8 Dodging
 + Level 25.9 Stealth
 - Level 8.0 Shields
 + Level 21.1 Spellcasting
 - Level 22.0 Hexes
 + Level 9.7 Charms
 - Level 3.0 Air Magic


You had 22 spell levels left.
You knew the following spells:

 Your Spells              Type           Power        Failure   Level  Hunger
a - Ensorcelled Hibernat  Hex/Ice        ######       1%          2    None
b - Corona                Hex            #######      0%          1    None
c - Confuse               Hex            #######.     0%          3    None
d - Tukima's Dance        Hex            #######.     0%          3    None
e - Dazzling Spray        Conj/Hex       ######       1%          3    None
f - Discord               Hex            #######...   1%          8    ######.
g - Silence               Hex/Air        ######....   1%          5    None
h - Invisibility          Hex            #######.     1%          6    ##.....
i - Deflect Missiles      Chrm/Air       ######....   17%         6    ##.....
j - Cause Fear            Hex            #######...   0%          4    None
k - Apportation           Tloc           ####..       1%          1    None


Dungeon Overview and Level Annotations

Branches:
Dungeon (15/15)            Temple (1/1) D:7            Lair (6/6) D:9
 Shoals (4/4) Lair:4        Snake (4/4) Lair:4        Slime (0/5) Lair:6
    Orc (2/2) D:9             Elf (3/3) Orc:2        Vaults (5/5) D:13
  Crypt (0/3) Vaults:3     Depths (3/5) D:15

Altars:
Ashenzari
Cheibriados
Dithmenos
Elyvilon
Fedhas
Gozag
Hepliaklqana
Kikubaaqudgha
Makhleb
Nemelex Xobeh
Okawaru
Qazlal
Ru
Sif Muna
Trog
Uskayaw
Vehumet
Wu Jian
Xom
Yredelemnul
Zin
The Shining One
Beogh

Shops:
D:7 ?   D:13 *   D:15 =   Orc:2 :!(!   Elf:1 (   Elf:2 }   Vaults:1 [
Vaults:4 (   Vaults:5 ?!%:   Depths:3 (

Portals:
Hell: Depths:1 Depths:2
Pandemonium: Orc:2 Depths:2
Ziggurat: Depths:2

Annotations:
D:4 exclusion: statue
Vaults:3 Mennas
Depths:3 Sojobo


Innate Abilities, Weirdness & Mutations

You are very small and have problems with some larger weapons.
You are too small for most types of armour.
You have supernaturally acute eyesight. (SInv)
You are a herbivore.
You cover ground extremely quickly.
You need consume almost no food.
You have a pair of small antennae on your head.
Your flesh is heat resistant. (rF+)
You have an increased reservoir of magic. (+10% MP)


Message History

You are electrocuted!
Sojobo pecks you! Sojobo completely misses you.
The tengu reaver hits you with a war axe!!
* * * LOW HITPOINT WARNING * * *
The tengu reaver pecks you!
* * * LOW HITPOINT WARNING * * *
The tengu reaver claws you.
* * * LOW HITPOINT WARNING * * *
The ettin shouts in stereo!
The glowing orange brain pulsates.
The glowing orange brain radiates an aura of fear!
You resist with almost no effort.
As you read the scroll of teleportation, it crumbles to dust.
You feel strangely unstable. The tengu reaver completely misses you.
The tengu reaver pecks you.
* * * LOW HITPOINT WARNING * * *
You block the tengu reaver's attack. x2; The tengu reaver misses you.
The tengu reaver claws you!
* * * LOW HITPOINT WARNING * * *
Sojobo hits you with a great sword of electrocution!!
You die...

..... ..... ....≈#
..... ...≈# .....
#####..≈# ≈...# ####
.......≈# ≈...# #..#
.......≈## ##≈...#
#.. ........≈##
##≈%...# #.#
...G....≈≈###≈≈....#
#.#####
#.@.§≈≈≈≈....#
......#
#QQQ.........#
......#
#....#.......#
......#
#....#.......#
......#
#C...#...##..#
......+
#....#...#####
####+## #....#....#
### .....#....# ..
..+.........#....#


You could see Sojobo, a glowing orange brain, 2 neutral tengu reavers and a
neutral ettin (insane).

Vanquished Creatures
  An ancient lich (Vaults:5)
  Mara (Vaults:2)
  Vashnia (Snake:2)
  Xtahua (Vaults:2)
  Margery (Vaults:4)
  Nikola (Elf:2)
  A bone dragon (Depths:1)
  2 liches (Depths:1)
  3 tentacled monstrosities
  Rupert (D:15)
  2 deep elf master archers (Elf:3)
  3 deep elf blademasters
  The ghost of Zigma the Brawler, an adept DrMo of Makhleb (Snake:4)
  A kraken (Shoals:3)
  2 sphinxes
  A storm dragon (Vaults:5)
  2 shadow dragons
  3 tengu reavers
  4 nagarajas
  5 fire giants
  4 frost giants
  The ghost of MirrMurr the Imperceptible, an adept SpEn of Ashenzari (Snake:1)
  17 vault wardens
  A curse skull (Vaults:3)
  5 deep elf sorcerers
  A ghost moth (shapeshifter) (Vaults:5)
  Aizul (Snake:1)
  2 deep elf elementalists
  A war gargoyle (Vaults:5)
  10 ironheart preservers
  14 stone giants
  13 very ugly things
  Snorg (Lair:6)
  2 entropy weavers
  A juggernaut skeleton (Depths:1)
  A vampire knight (Depths:2)
  5 deep elf demonologists (Elf:3)
  Azrael (D:15)
  6 deep elf annihilators
  3 merfolk javelineers
  14 ettins
  2 eidola (Vaults:3)
  5 merfolk impalers
  9 deep elf death magi
  The ghost of Memingway the Cleaver, a journeyman HOSk of Makhleb (D:10)
  4 fire dragons
  Josephine (D:11)
  3 deep elf high priests
  9 yaktaur captains
  11 naga warriors
  2 vault guards
  A spriggan air mage (Depths:3)
  8 rakshasas
  11 ice dragons
  A great orb of eyes (Depths:2)
  3 alligator snapping turtles
  6 hydras
  Erica (D:10)
  9 anacondas
  2 catoblepae
  40 two-headed ogres
  9 centaur warriors
  3 death knights
  9 merfolk aquamancers
  A deep troll shaman (Vaults:1)
  15 ogre magi
  5 merfolk avatars
  7 tengu warriors
  20 dancing weapons
  A satyr (Shoals:4)
  4 titan zombies
  8 shock serpents
  10 naga sharpshooters
  Urug (D:13)
  A soul eater (Orc:2)
  3 orc high priests (Orc:2)
  4 naga ritualists
  21 deep elf knights
  Sonja (D:10)
  A fire crab (shapeshifter) (Elf:3)
  10 skeletal warriors
  A hell knight (Vaults:4)
  7 deep trolls
  A salamander mystic (Snake:4)
  A gelid demonspawn (Orc:2)
  A shadow wraith (Depths:2)
  An unseen horror (shapeshifter) (Elf:2)
  16 sea snakes
  2 storm dragon skeletons (Depths:1)
  A glowing orange brain (D:15)
  A shadow demon (Depths:2)
  An unseen horror (D:11)
  A flayed ghost (Vaults:3)
  24 deep elf archers
  12 wizards
  12 ironbrand convokers
  A tengu zombie (Depths:1)
  2 phantasmal warriors
  A golden dragon skeleton (Depths:1)
  12 orc knights
  8 mana vipers
  84 deep elf magi
  4 orc sorcerers
  6 necromancers
  An orb spider (shapeshifter) (Vaults:4)
  9 harpies (Shoals:1)
  40 ugly things
  4 oklob plants (Lair:6)
  A tengu skeleton (Vaults:4)
  10 cyclopes
  6 wolf spiders
  2 sphinx zombies (Depths:1)
  9 salamanders
  A salamander (shapeshifter) (D:13)
  2 shadow dragon skeletons (Depths:1)
  A sphinx skeleton (Depths:1)
  10 merfolk sirens
  11 manticores
  10 large abominations
  2 human skeletons (Vaults:4)
  A shining eye (shapeshifter) (Vaults:4)
  13 fauns
  A guardian serpent (Snake:3)
  A stone giant skeleton (Depths:2)
  12 vault sentinels
  32 black mambas
  2 spriggan zombies (Depths:1)
  A frost giant skeleton (Depths:2)
  A black mamba (shapeshifter) (Vaults:3)
  4 centaur zombies
  11 elephants
  24 spiny frogs
  5 water nymphs
  Maurice (D:8)
  A spiny frog (shapeshifter) (Vaults:1)
  A gargoyle (D:15)
  2 naga magi
  2 ice statues (IceCv)
  4 centaur skeletons
  A yaktaur zombie (Depths:1)
  8 freezing wraiths
  49 yaktaurs
  3 komodo dragons
  4 rime drakes
  An efreet (D:15)
  An ice devil (Orc:2)
  3 elf skeletons (Depths:1)
  A yaktaur skeleton (Vaults:4)
  A hellwing (Orc:2)
  3 meliai (D:15)
  3 tengu conjurers
  9 trolls
  2 red devils (Orc:2)
  A meliai (shapeshifter) (D:15)
  2 jumping spiders (Vaults:1)
  28 merfolk
  A troll (shapeshifter) (Depths:2)
  7 wind drakes
  2 polar bears (D:12)
  A tengu simulacrum (Vaults:3)
  4 tyrant leeches (Lair:6)
  A slime creature (shapeshifter) (Vaults:5)
  3 hornets
  A blink frog (shapeshifter) (Vaults:5)
  22 slime creatures
  A deep troll zombie (Depths:1)
  A hornet (shapeshifter) (Vaults:3)
  9 snapping turtles
  A harpy skeleton (D:15)
  5 dream sheep
  A stone giant simulacrum (Depths:1)
  22 blink frogs
  18 hippogriffs
  3 vampires
  A redback (shapeshifter) (D:15)
  2 redbacks (Vaults:1)
  20 water elementals
  An ettin skeleton (Vaults:4)
  A spriggan (D:9)
  A shadow (Depths:2)
  3 basilisks
  A tarantella (shapeshifter) (D:15)
  44 yaks
  4 air elementals
  10 wraiths
  A human (shapeshifter) (Vaults:2)
  2 wyverns (D:15)
  16 humans (D:13)
  8 fire elementals
  2 hungry ghosts
  A spriggan simulacrum (Depths:2)
  Grum (D:9)
  A steam dragon (D:14)
  7 vampire mosquitoes
  Menkaure (D:7)
  A human simulacrum (Vaults:3)
  4 wargs
  A soldier ant (shapeshifter) (D:15)
  15 nagas
  A soldier ant (D:12)
  2 acid dragons
  The ghost of patseb the Magician, an amateur DEWz (D:3)
  13 porcupines
  A floating eye (shapeshifter) (Vaults:5)
  A floating eye (Depths:3)
  20 orc warriors
  19 water moccasins
  17 ice beasts
  3 sky beasts
  A hornet zombie (D:14)
  An eye of draining (shapeshifter) (Vaults:5)
  A black bear (shapeshifter) (Vaults:5)
  4 black bears
  A deep troll simulacrum (Depths:1)
  13 wolves
  8 boggarts (Depths:2)
  33 ogres
  5 phantoms
  17 centaurs
  10 crocodiles
  A big kobold (D:11)
  3 elf zombies
  21 bullfrogs
  6 earth elementals
  4 gnoll sergeants
  A wyvern skeleton (D:13)
  7 small abominations (D:13)
  10 scorpions
  3 wights (D:15)
  An electric eel (Lair:6)
  6 howler monkeys
  9 crimson imps
  21 orc priests
  3 bullfrog zombies
  5 hounds
  A bullfrog skeleton (D:4)
  2 quasits
  4 jellies
  23 orc wizards
  A gnoll shaman (D:6)
  9 iguanas
  20 worker ants
  A big kobold zombie (Ossuary)
  8 mummies (Ossuary)
  A worker ant zombie (D:9)
  10 gnolls
  A howler monkey skeleton (D:5)
  16 adders
  7 shadow imps
  An ooze (D:2)
  7 worms
  3 dart slugs
  6 leopard geckos
  84 orcs
  11 bats
  A bat (shapeshifter) (Vaults:5)
  6 giant cockroaches
  9 goblins
  14 hobgoblins
  13 jackals
  5 quokkas
  3 ball pythons
  2 frilled lizards
  A giant cockroach zombie (D:4)
  3 gnoll zombies
  3 hobgoblin zombies (Ossuary)
  20 kobolds
  A kobold zombie (Ossuary)
  A leopard gecko skeleton (D:8)
  2 orc zombies (Ossuary)
  2 quokka skeletons
  A quokka zombie (D:9)
  7 rats
  2 crawling corpses (Elf:1)
  7 plants
  A tentacle (Shoals:1)
1807 creatures vanquished.

Vanquished Creatures (collateral kills)
  A Tzitzimitl (Depths:2)
  2 tentacled monstrosities (Vaults:5)
  A titan (Vaults:5)
  A lich (Vaults:5)
  Ilsuiw (Shoals:4)
  A shadow dragon (Depths:2)
  4 nagarajas
  2 frost giants (Vaults:5)
  3 vault wardens
  3 deep elf sorcerers
  An orc warlord (Vaults:3)
  4 ironheart preservers
  A war gargoyle (Vaults:5)
  The ghost of WhatIsLove the Eclecticist, a journeyman DESu of Sif Muna (Snake:3)
  A vampire knight (Depths:2)
  A deep elf annihilator (Depths:2)
  3 yaktaur captains (Vaults:5)
  3 merfolk impalers (Shoals:4)
  A deep elf high priest (Elf:3)
  4 naga warriors
  31 vault guards
  17 two-headed ogres
  2 dancing weapons
  2 anacondas
  5 ogre magi
  A satyr (Shoals:4)
  A deep troll earth mage (Vaults:1)
  A deep troll shaman (Vaults:1)
  7 naga sharpshooters
  A tengu warrior (D:15)
  3 orc high priests
  2 deep elf knights
  A shock serpent (Snake:3)
  5 orc knights
  2 shadow wraiths (Depths:2)
  2 salamander mystics
  An infernal demonspawn (Orc:2)
  2 hell knights (Vaults:4)
  2 shadow demons (Depths:2)
  A deep troll (Vaults:1)
  A torturous demonspawn (Orc:2)
  8 naga ritualists
  4 deep elf archers
  4 ironbrand convokers
  6 mana vipers
  6 deep elf magi
  2 orc sorcerers (Orc:2)
  An ugly thing (Vaults:4)
  7 salamanders
  2 fauns (Shoals:4)
  2 elephants (Lair:6)
  13 black mambas
  2 merfolk sirens (Shoals:4)
  A vault sentinel (Vaults:4)
  18 naga magi
  3 guardian serpents
  A water nymph (shapeshifter) (Vaults:5)
  4 spiny frogs (Lair:6)
  4 yaktaurs
  A red devil (Orc:2)
  A wind drake (Shoals:4)
  A tengu conjurer (Depths:2)
  A hornet (Vaults:4)
  A troll (D:15)
  5 slime creatures (Vaults:1)
  3 blink frogs (Lair:6)
  8 merfolk (Shoals:4)
  A hippogriff (Lair:6)
  A snapping turtle (Shoals:4)
  A fire giant simulacrum (Vaults:4)
  A water elemental (Elf:2)
  5 shadows (Depths:2)
  2 vampire mosquitoes (Lair:6)
  32 nagas
  20 orc warriors
  3 wolves (Lair:6)
  11 ogres
  A crocodile (Lair:6)
  4 bullfrogs (Lair:6)
  9 orc priests
  An orc wizard (Orc:1)
  16 orcs
  A hobgoblin (D:6)
  A kobold (D:6)
  A plant (Shoals:4)
349 creatures vanquished.

Vanquished Creatures (others)
  A nagaraja (Snake:4)
  A tengu reaver (Vaults:5)
  2 ironheart preservers (Vaults:5)
  A stone giant (Vaults:5)
  2 deep elf demonologists (Elf:3)
  A vampire knight (Depths:2)
  A deep elf death mage (Elf:3)
  A naga warrior (Snake:4)
  3 vault guards (Vaults:5)
  2 yaktaur captains (Vaults:5)
  2 naga sharpshooters (Snake:4)
  An anaconda (Snake:3)
  3 two-headed ogres
  A satyr (Shoals:4)
  A merfolk aquamancer (Shoals:4)
  3 orc high priests (Orc:2)
  2 deep elf knights (Elf:2)
  2 hell knights (Vaults:4)
  A deep troll (Vaults:1)
  4 naga ritualists
  A salamander (Snake:2)
  A black mamba (Snake:4)
  A necromancer (Vaults:4)
  An ugly thing (Vaults:4)
  3 deep elf magi
  4 orc knights
  A manticore (Shoals:4)
  A faun (Shoals:4)
  A vault sentinel (Vaults:1)
  3 naga magi
  An elephant (Lair:6)
  A spiny frog (Lair:6)
  A komodo dragon (Lair:6)
  5 yaktaurs
  A wind drake (Shoals:4)
  A slime creature (Vaults:1)
  A dancing weapon (D:6)
  2 shadows (Depths:2)
  A water elemental (Shoals:1)
  A warg (Vaults:1)
  2 nagas (Snake:4)
  9 orc warriors
  2 boggarts (Depths:2)
  An ogre (Depths:1)
  2 centaurs (Depths:2)
  2 wights (D:15)
  2 orc priests
  4 orcs
  3 fungi (Lair:6)
  67 plants
  15 tentacles
176 creatures vanquished.

Grand Total: 2332 creatures vanquished

Notes
Turn   | Place    | Note
-------+----------+-------------------------------------------
     0 | D:1      | Helio the Spriggan Enchanter began the quest for the Orb.
     0 | D:1      | Reached XP level 1. HP: 9/9 MP: 5/5
   605 | D:1      | Reached XP level 2. HP: 13/13 MP: 5/7
   609 | D:1      | Learned a level 2 spell: Ensorcelled Hibernation
  1578 | D:1      | Reached XP level 3. HP: 12/16 MP: 6/9
  1583 | D:1      | Learned a level 3 spell: Confuse
  1587 | D:1      | Learned a level 3 spell: Tukima's Dance
  2111 | D:2      | Found a faded altar of an unknown god.
  2317 | D:2      | Reached XP level 4. HP: 15/21 MP: 6/11
  2833 | D:2      | Found a bloodstained altar of Trog.
  3367 | D:2      | Found a shattered altar of Ashenzari.
  3542 | D:3      | Noticed patseb's ghost (amateur DEWz)
  3606 | D:3      | Killed patseb's ghost
  3606 | D:3      | Reached skill level 5 in Spellcasting
  3606 | D:3      | Reached skill level 5 in Hexes
  3606 | D:3      | Reached XP level 5. HP: 18/24 MP: 2/14
  3804 | D:3      | Found a hide-covered altar of Uskayaw.
  4029 | D:3      | Reached skill level 5 in Stealth
  4570 | D:3      | Found a deep blue altar of Sif Muna.
  4975 | D:4      | Reached skill level 6 in Stealth
  4975 | D:4      | Reached XP level 6. HP: 28/28 MP: 15/15
  5208 | D:4      | Reached skill level 7 in Stealth
  5385 | D:4      | Learned a level 3 spell: Dazzling Spray
  5420 | D:4      | Reached skill level 8 in Stealth
  5802 | D:4      | Reached skill level 9 in Stealth
  5802 | D:4      | Reached XP level 7. HP: 32/32 MP: 9/16
  6077 | D:4      | Found a basalt altar of Yredelemnul.
  6269 | D:4      | Gained mutation: Your muscles are strong. (Str +2) [potion of mutation]
  6269 | D:4      | Gained mutation: Your muscles are very strong. (Str +4) [potion of mutation]
  6318 | D:4      | Found a hazy altar of Hepliaklqana.
  6357 | D:4      | Found a radiant altar of Vehumet.
  6703 | D:5      | Entered Level 5 of the Dungeon
  6709 | D:5      | Reached skill level 10 in Stealth
  6916 | D:5      | Reached skill level 11 in Stealth
  7197 | D:5      | Found a sparkling altar of Nemelex Xobeh.
  7270 | D:5      | Reached skill level 12 in Stealth
  7270 | D:5      | Reached XP level 8. HP: 36/36 MP: 12/17
  8212 | D:5      | Reached skill level 1 in Fighting
  8417 | D:6      | Found a sand-covered staircase.
  8426 | Ossuary  | Entered an ossuary
  8907 | Ossuary  | Reached skill level 5 in Dodging
  9402 | D:6      | Reached XP level 9. HP: 36/42 MP: 3/20
  9805 | D:6      | Reached skill level 13 in Stealth
 10947 | D:6      | Found a white marble altar of Elyvilon.
 11488 | D:7      | Found a glowing golden altar of the Shining One.
 11670 | D:7      | Found a staircase to the Ecumenical Temple.
 11680 | Temple   | Entered the Ecumenical Temple
 11699 | Temple   | Became a worshipper of Dithmenos the Shadowed
 12228 | D:7      | Found Beokha's Magic Scroll Emporium.
 12238 | D:7      | Noticed Menkaure
 12246 | D:7      | Killed Menkaure
 12687 | D:8      | Noticed Maurice
 12697 | D:8      | Killed Maurice
 12972 | D:8      | Found a shimmering altar of Xom.
 13683 | D:9      | Noticed a moth of wrath
 13730 | D:9      | Found a staircase to the Lair.
 13731 | D:9      | Noticed an elephant
 13760 | D:9      | Noticed Grum
 13766 | D:9      | Reached XP level 10. HP: 42/49 MP: 14/22
 13775 | D:9      | Killed Grum
 13798 | D:9      | Found a staircase to the Orcish Mines.
 14004 | D:7      | Bought a scroll of enchant weapon for 120 gold pieces
 14004 | D:7      | Bought a scroll of enchant weapon for 120 gold pieces
 14062 | D:9      | Reached skill level 5 in Short Blades
 14108 | D:9      | Reached * piety under Dithmenos
 14442 | D:9      | Killed an elephant
 14457 | D:9      | Reached skill level 14 in Stealth
 14571 | D:9      | Noticed a red ugly thing
 14630 | D:9      | Killed a red ugly thing
 14710 | D:9      | Found a bloodstained altar of Trog.
 15048 | D:9      | Reached ** piety under Dithmenos
 15469 | D:10     | Entered Level 10 of the Dungeon
 15480 | D:10     | Noticed a wizard
 15487 | D:10     | Killed a wizard
 15492 | D:10     | Noticed a wizard
 15500 | D:10     | Killed a wizard
 15500 | D:10     | Reached XP level 11. HP: 54/54 MP: 25/25
 15522 | D:10     | Noticed a wizard
 15524 | D:10     | Killed a wizard
 15525 | D:10     | Noticed a wizard
 15527 | D:10     | Found the +3 warlock's mirror {reflect}
 15531 | D:10     | Killed a wizard
 15613 | D:10     | Noticed a two-headed ogre
 15618 | D:10     | Killed a two-headed ogre
 15628 | D:10     | Noticed Memingway's ghost (journeyman HOSk)
 15657 | D:10     | Killed Memingway's ghost
 15657 | D:10     | Reached skill level 1 in Shields
 16152 | D:10     | Noticed Sonja
 16172 | D:10     | Killed Sonja
 16195 | D:10     | Noticed Erica
 16202 | D:10     | Killed Erica
 16202 | D:10     | Reached skill level 5 in Fighting
 16202 | D:10     | Reached skill level 10 in Dodging
 16202 | D:10     | Reached skill level 15 in Stealth
 16662 | D:10     | Noticed a wizard
 16676 | D:10     | Killed a wizard
 16676 | D:10     | Reached skill level 10 in Hexes
 16806 | D:10     | Noticed a wizard
 16817 | D:10     | Killed a wizard
 16834 | D:10     | Learned a level 6 spell: Invisibility
 16848 | D:10     | Noticed a wizard
 16855 | D:10     | Killed a wizard
 16857 | D:10     | Noticed a wizard
 16873 | D:10     | Killed a wizard
 16873 | D:10     | Reached *** piety under Dithmenos
 16873 | D:10     | Reached skill level 10 in Spellcasting
 16933 | D:10     | Noticed a wizard
 16936 | D:10     | Noticed a wizard
 16947 | D:10     | Killed a wizard
 16950 | D:10     | Killed a wizard
 17332 | D:11     | Noticed an unseen horror
 17335 | D:11     | Killed an unseen horror
 17335 | D:11     | Reached XP level 12. HP: 60/60 MP: 27/27
 18035 | D:11     | Noticed Josephine
 18044 | D:11     | Killed Josephine
 19012 | D:12     | Reached **** piety under Dithmenos
 19195 | D:12     | Noticed a two-headed ogre
 19197 | D:12     | Killed a two-headed ogre
 19233 | D:12     | Reached skill level 16 in Stealth
 19446 | D:12     | Noticed a death knight
 19456 | D:12     | Killed a death knight
 19491 | D:12     | Found a frozen archway.
 19493 | D:12     | Noticed an ice dragon
 19808 | D:12     | Killed an ice dragon
 19811 | IceCv    | Entered an ice cave
 20086 | IceCv    | Reached XP level 13. HP: 65/65 MP: 24/28
 20768 | D:12     | Reached ***** piety under Dithmenos
 21418 | D:13     | Noticed Urug
 21421 | D:13     | Found a gate to the Vaults.
 21583 | D:13     | Killed Urug
 21811 | D:13     | Reached skill level 17 in Stealth
 22266 | D:13     | Found Foanuc's Assorted Antiques.
 22372 | D:13     | Reached skill level 5 in Shields
 23118 | D:14     | Reached XP level 14. HP: 72/72 MP: 31/31
 23179 | D:14     | Found a burning altar of Makhleb.
 23195 | D:14     | Reached ****** piety under Dithmenos
 23677 | D:14     | Reached skill level 10 in Short Blades
 24097 | Lair:1   | Entered Level 1 of the Lair of Beasts
 25977 | Lair:2   | Got a transparent buckler
 25997 | Lair:2   | Identified the +3 buckler "Nomuoclo" {rN+ Dex+2} (You found it on level 2 of the Lair of Beasts)
 27635 | Lair:4   | Found a staircase to the Snake Pit.
 27873 | Lair:4   | Found a staircase to the Shoals.
 29436 | Lair:6   | Entered Level 6 of the Lair of Beasts
 29468 | Lair:6   | Noticed Snorg
 29497 | Lair:5   | Learned a level 8 spell: Discord
 29586 | Lair:6   | Reached skill level 18 in Stealth
 29701 | Lair:5   | Gained mutation: Your mind is acute. (Int +2) [mutagenic glow]
 29986 | Lair:6   | Reached XP level 15. HP: 53/77 MP: 27/32
 30107 | Lair:6   | Found a staircase to the Slime Pits.
 30587 | Lair:6   | Identified the Tome of Quantum Poison
 30595 | Lair:6   | Identified the Guide on the Frostbite and Execration
 30681 | Lair:6   | Killed Snorg
 31065 | Lair:6   | Found the +7 longbow "Piercer" {penet, EV-2}
 32177 | Orc:1    | Entered Level 1 of the Orcish Mines
 32200 | Orc:2    | Entered Level 2 of the Orcish Mines
 33103 | Orc:2    | Found Hulluv's Distillery.
 33105 | Orc:2    | Found Anaask's Distillery.
 34311 | Orc:2    | Found a roughly hewn altar of Beogh.
 34490 | Orc:2    | Found a staircase to the Elven Halls.
 34564 | Elf:1    | Entered Level 1 of the Elven Halls
 34895 | Elf:1    | Reached skill level 15 in Dodging
 34910 | Elf:1    | Reached XP level 16. HP: 84/84 MP: 30/34
 35423 | Elf:1    | Reached skill level 19 in Stealth
 35425 | Elf:1    | Identified the Reference Book on Unholy Magic
 35469 | Elf:1    | Gained mutation: You are clumsy. (Dex -2) [mutagenic glow]
 35974 | Elf:1    | Found Lasil's Weapon Boutique.
 36403 | Elf:1    | You fall through a shaft!
 37870 | Orc:2    | Found Mate's Antique Weapon Shoppe.
 37870 | Orc:2    | Found Ruodghat's Book Emporium.
 37870 | Orc:2    | Found a one-way gate leading to the halls of Pandemonium.
 38085 | Orc:2    | Learned a level 5 spell: Silence
 38489 | D:15     | Entered Level 15 of the Dungeon
 38521 | D:15     | Found Feehal's Jewellery Boutique.
 38555 | D:15     | Bought the amulet of Vitality {Regen+ HP+15} for 869 gold pieces
 38555 | D:15     | Found the amulet of Vitality {Regen+ HP+15}
 38582 | D:15     | Noticed Rupert
 38593 | D:15     | Killed Rupert
 39485 | D:15     | Noticed Azrael
 39499 | D:15     | Killed Azrael
 39755 | D:15     | Gained mutation: Armour fits poorly on your strangely shaped body. [mutagenic glow]
 39972 | D:15     | Lost mutation: Your mind is acute. (Int +2) [potion of mutation]
 39972 | D:15     | Lost mutation: Armour fits poorly on your strangely shaped body. [potion of mutation]
 39972 | D:15     | Lost mutation: Your muscles are very strong. (Str +4) [potion of mutation]
 39972 | D:15     | Gained mutation: You have an increased reservoir of magic. (+10% MP) [potion of mutation]
 39972 | D:15     | Gained mutation: You are frail. (-10% HP) [potion of mutation]
 39972 | D:15     | Gained mutation: Your movements are slightly less encumbered by armour. (ER -2) [potion of mutation]
 39973 | D:15     | Lost mutation: You are frail. (-10% HP) [potion of mutation]
 39973 | D:15     | Lost mutation: You are clumsy. (Dex -2) [potion of mutation]
 39973 | D:15     | Lost mutation: Your movements are slightly less encumbered by armour. (ER -2) [potion of mutation]
 39973 | D:15     | Lost mutation: Your muscles are strong. (Str +2) [potion of mutation]
 39973 | D:15     | Gained mutation: You have a pair of small antennae on your head. [potion of mutation]
 39989 | D:15     | Found a staircase to the Depths.
 40524 | Depths:1 | Entered Level 1 of the Depths
 40655 | D:15     | Learned a level 6 spell: Deflect Missiles
 40660 | D:15     | Learned a level 4 spell: Cause Fear
 40662 | D:15     | Learned a level 1 spell: Apportation
 40828 | Depths:1 | Noticed a tengu reaver
 40852 | Depths:1 | Killed a tengu reaver
 40868 | Depths:1 | Reached XP level 17. HP: 87/88 MP: 33/40
 41576 | Depths:1 | Noticed a lich
 41760 | Depths:1 | Killed a lich
 42030 | Depths:1 | Found a gateway to Hell.
 42072 | Depths:1 | Noticed a lich
 42690 | D:11     | Reached skill level 10 in Fighting
 42790 | Shoals:1 | Entered Level 1 of the Shoals
 42994 | Shoals:1 | Reached skill level 20 in Stealth
 43042 | Shoals:1 | Reached skill level 15 in Hexes
 43069 | Shoals:1 | Reached skill level 15 in Spellcasting
 43709 | Shoals:1 | Found a glowing golden altar of the Shining One.
 43715 | Shoals:1 | Noticed a kraken
 45654 | Shoals:3 | Noticed a kraken
 45668 | Shoals:3 | Killed a kraken
 46625 | Shoals:4 | Entered Level 4 of the Shoals
 47138 | Shoals:4 | Reached XP level 18. HP: 93/93 MP: 16/43
 47141 | Shoals:4 | Noticed Ilsuiw
 48753 | Shoals:4 | Killed Ilsuiw
 49063 | Shoals:4 | Got a barnacled rune of Zot
 50245 | Snake:1  | Entered Level 1 of the Snake Pit
 50479 | Snake:1  | Noticed MirrMurr's ghost (adept SpEn)
 50871 | Snake:1  | Killed MirrMurr's ghost
 51002 | Snake:1  | Noticed Aizul
 51058 | Snake:1  | Killed Aizul
 52968 | Snake:2  | Gained mutation: Your flesh is heat resistant. (rF+) [mutagenic glow]
 53458 | Snake:2  | Found a sparkling altar of Nemelex Xobeh.
 54071 | Snake:2  | Noticed Vashnia
 54073 | Snake:2  | Killed Vashnia
 55458 | Snake:3  | Noticed WhatIsLove's ghost (journeyman DESu)
 55492 | Snake:3  | Killed WhatIsLove's ghost
 55519 | Snake:3  | Reached XP level 19. HP: 99/99 MP: 43/45
 56595 | Snake:4  | Entered Level 4 of the Snake Pit
 56595 | Snake:4  | Found the +6 lightning scales {run, rElec}
 56658 | Snake:4  | Reached skill level 21 in Stealth
 57278 | Snake:4  | Got a serpentine rune of Zot
 58384 | Snake:4  | Noticed Zigma's ghost (adept DrMo)
 58451 | Snake:4  | Killed Zigma's ghost
 59516 | Vaults:1 | Entered Level 1 of the Vaults
 61321 | Vaults:1 | Found Lyakom's Antique Armour Emporium.
 61544 | Vaults:1 | Reached XP level 20. HP: 105/105 MP: 44/47
 62284 | Vaults:1 | Reached skill level 22 in Stealth
 62909 | Vaults:2 | Noticed Xtahua
 62911 | Vaults:2 | Killed Xtahua
 64308 | Vaults:2 | Noticed Mara
 64310 | Vaults:2 | Killed Mara
 66211 | Vaults:3 | Found a staircase to the Crypt.
 66458 | Vaults:3 | Reached skill level 23 in Stealth
 66629 | Vaults:3 | Noticed Mennas
 67378 | Vaults:3 | Reached XP level 21. HP: 111/111 MP: 49/49
 67630 | Vaults:4 | Noticed Margery
 67665 | Vaults:4 | Killed Margery
 67992 | Vaults:4 | Found Pise's Weapon Shoppe.
 71264 | Elf:2    | Found a huge runed gate.
 71264 | Elf:2    | Found a huge runed gate.
 71264 | Elf:2    | Found a huge runed gate.
 71265 | Elf:2    | Found a huge runed gate.
 71266 | Elf:2    | Found a huge runed gate.
 71320 | Elf:2    | Found Vuesm's Gadget Shop.
 71411 | Elf:2    | Got a spiked buckler
 71422 | Elf:2    | Identified the +2 buckler of Liberty {rC- Str+8 Slay+2} (You found it on level 2 of the Elven Halls)
 71938 | Elf:2    | Noticed Nikola
 72465 | Elf:2    | Killed Nikola
 72465 | Elf:2    | Reached skill level 24 in Stealth
 73048 | Elf:3    | Entered Level 3 of the Elven Halls
 74538 | Elf:3    | Reached XP level 22. HP: 116/116 MP: 45/51
 74999 | Elf:3    | Got a brightly glowing diamond amulet
 75021 | Elf:3    | Identified the amulet "Fautixuy" {+Rage rPois MR+ Int+3 Dex-4} (You took it off a deep elf master archer on level 3 of the Elven Halls)
 76947 | Elf:3    | Got a faintly glowing golden amulet
 76948 | Elf:3    | Identified the amulet "Wuevirgh" {Reflect Int+5 SH+3} (You took it off a deep elf demonologist on level 3 of the Elven Halls)
 77067 | Elf:3    | Identified the Volume of Combat Magic
 78043 | Vaults:5 | Entered Level 5 of the Vaults
 78052 | Vaults:5 | Reached skill level 1 in Charms
 78058 | Vaults:5 | Reached skill level 1 in Air Magic
 78621 | Vaults:5 | Found Faagg's Magic Scroll Shoppe.
 78633 | Vaults:5 | Bought a scroll of enchant weapon for 150 gold pieces
 78657 | Vaults:5 | Found Sesuipek's Distillery.
 78682 | Vaults:5 | Bought a potion of might for 64 gold pieces
 78682 | Vaults:5 | Bought 2 potions of agility for 128 gold pieces
 78682 | Vaults:5 | Bought a potion of haste for 160 gold pieces
 78779 | Vaults:5 | Found Kurar's Food Shop.
 78793 | Vaults:5 | Bought 4 fruits for 84 gold pieces
 78793 | Vaults:5 | Bought a royal jelly for 28 gold pieces
 78793 | Vaults:5 | Bought a royal jelly for 28 gold pieces
 78793 | Vaults:5 | Bought 4 fruits for 84 gold pieces
 78793 | Vaults:5 | Bought a royal jelly for 28 gold pieces
 78793 | Vaults:5 | Bought a bread ration for 70 gold pieces
 78793 | Vaults:5 | Bought 4 fruits for 84 gold pieces
 79078 | Vaults:5 | Reached skill level 5 in Charms
 79432 | Vaults:5 | Got a silver rune of Zot
 79493 | Vaults:5 | Reached skill level 25 in Stealth
 79674 | Vaults:5 | Noticed an ancient lich
 79684 | Vaults:5 | Killed an ancient lich
 79962 | Vaults:5 | Found Zoit's Book Shoppe.
 79982 | Vaults:5 | Reached XP level 23. HP: 115/123 MP: 20/53
 81129 | Vaults:5 | Identified the Compendium of the Cicada
 82773 | Depths:1 | Found the +9 sword of Zonguldrok {reap}
 83647 | Depths:2 | Found a gateway to a ziggurat.
 84617 | Depths:2 | Found a shadowy altar of Dithmenos.
 85505 | Depths:2 | Got a flickering ivory ring
 85508 | Depths:2 | Got a pitted lapis lazuli ring
 85510 | Depths:2 | Identified the ring "Lesov" {-Tele +Fly Dex+2 Stlth+} (You found it on level 2 of the Depths)
 85512 | Depths:2 | Identified the ring of Godeleob {rElec rC- rN+ MR+ Stlth+} (You found it on level 2 of the Depths)
 86523 | Depths:3 | Found Bugrai's Antique Weapon Shoppe.
 86569 | Depths:3 | Noticed Sojobo
 86574 | Depths:3 | Demolished by Sojobo

Vault maps used:
D:1:      dpeg_arrival_rooms_a
D:2:      lemuel_doored_altar, ashenzari_conservatory_becter,
          chequers_ecumenical_altar_simple_redux
D:3:      marbit_many_paths, lemuel_blue_sif_altar
D:4:      lemuel_zombie_altar_yredelemnul, kennysheep_little_box,
          vehumet_statue, first_bread, hangedman_decor_peaks_small,
          minmay_misc_feat_nine_boxes
D:5:      lemuel_ice_spiral_2, basic_altar, serial_bayou_pond_d
D:6:      kennysheep_housing_project, lemuel_round_altar,
          nicolae_ossuary_entry_monument
D:7:      tso_oasis_becter, minmay_temple_entry_water_ring, serial_shops,
          shop_scrolls, uniq_menkaure
D:8:      basic_altar, uniq_maurice
D:9:      david_lair_generic, orc_0_dummy, the_bakery, tgw_trog, uniq_grum
D:10:     minmay_smoke_and_mirrors, corexii_hall_statues_i, uniq_erica,
          uniq_sonja
D:11:     serial_glass, glass_columns_a, glass_columns_a, uniq_josephine
D:12:     portal_ice_cave_entry_animals_and_master, pond
D:13:     david_vaults_3, serial_shops, nicolae_shop_crystal, laboratory
D:14:     basic_altar, minivault_19
D:15:     gammafunk_enter_depths_forms, serial_shops, shop,
          grunt_decor_one_mirror, uniq_rupert, uniq_azrael, uniq_urug
Temple:   oiseaux_autumnal_temple
Lair:2:   beast_lair_carwin_10
Lair:3:   grunt_megastairs_5
Lair:4:   minmay_shoals_entry_hut, minmay_snake_entry_guardpost_small
Lair:6:   minmay_lair_end_frog_pond, slime_dummy, wad_woods_road_05,
          serial_bayou_shore_a, minmay_lair_oklob_chamber, uniq_snorg
Shoals:1: wheals_shoals_ruined_temple
Shoals:4: shoals_end_grunt_garden, shoals_ilsuiw_alternative
Snake:1:  uniq_aizul
Snake:2:  basic_altar, st_stairs_1, uniq_vashnia
Snake:3:  lemuel_fruit_tree, basic_stair_grate_trap
Snake:4:  snake_pit
Orc:1:    minmay_orc_keep
Orc:2:    pf_orc_diabolical, basic_altar
Elf:1:    serial_shops, shop_statue, minmay_elf_necromancy
Elf:2:    serial_shops, nicolae_shop_waterfront, minivault_26, uniq_nikola
Elf:3:    grunt_elf_hall_diamonds, grunt_ministairs_9
Vaults:1: nicolae_vaults_fighting_squares, v_alt_pattern_1,
          nicolae_vaults_little_squares_1, hangedman_vaults_hat,
          ontoclasm_vaults_shuriken, vaults_dpeg_ring,
          vaults_mumra_minichess_inversion, v_alt_pattern_2, v_rooms_4,
          v_misc_1, nicolae_vaults_little_squares_6,
          nicolae_vaults_shelves_hall, serial_shops, nicolae_shop_statue_plus
Vaults:2: nicolae_vaults_network_quinsquares, nicolae_vaults_alarming,
          v_misc_30, nicolae_vaults_network_barrier, vaults_room_stairs_pillars,
          nicolae_vaults_network_quincunx, vaults_room_hallway, v_misc_19,
          hangedman_vaults_variations, nicolae_vaults_holding_cells,
          grunt_vaults_hallway_short, uniq_xtahua, uniq_mara
Vaults:3: ontoclasm_vaults_ring_small, hangedman_vaults_locks,
          minmay_crypt_entry_simple_round, v_rooms_6, special_room_vaults,
          grunt_vaults_focal, hangedman_vaults_slice, vaults_mumra_lcd,
          hangedman_vaults_capsules, uniq_mennas
Vaults:4: nicolae_vaults_little_squares_3, nicolae_vaults_minivaults,
          nicolae_vaults_angled_halls, grunt_vaults_swirl,
          dpeg_vaults_monster_box, ontoclasm_vaults_bender,
          ontoclasm_vaults_loading_screen, nicolae_vaults_little_squares_6,
          vaults_mumra_chevron_long, nicolae_vaults_theta,
          hangedman_vaults_trim, nicolae_vaults_little_squares_3,
          nicolae_vaults_mini_display_case, serial_shops,
          nicolae_shop_waterfront, uniq_margery
Depths:1: minmay_holes, hangedman_geh_valley, minmay_guarded_unrand_zonguldrok,
          grunt_megastairs_2, infiniplex_staircase_pool_lava
Depths:2: regret_index_dithmenos_brocken_genspenst, enter_ziggurat_e, pan_entry,
          hangedman_decor_slide_cut, hell_entry, infiniplex_staircase_zigzag_4
Depths:3: minmay_curly_fans, serial_shops, shop, pan_entry, pf_coc_iceberg,
          lemuel_flame_loot_1, uniq_sojobo
Ossuary:  ossuary_tomb_3
IceCv:    ice_cave_small_dragons

Skill      XL: |  1  2  3  4  5  6  7  8  9 10 11 12 13 14 15 16 17 18 19 20 21 22 23 |
---------------+----------------------------------------------------------------------+-----
Spellcasting   | 3 4 5 6 7 9 10 12 13 14 16 17 18 19 20 21 | 21.1
Hexes          | 4 5 6 8 9 10 11 12 13 14 16 18 19 20 21 22 | 22.0
Stealth        | 6 9 12 13 14 15 16 17 18 19 20 21 23 24 25 | 25.9
Dodging        | 5 7 9 10 11 13 14 15 16 17 18 19 21 22 | 22.8
Fighting       | 1 3 4 5 6 7 8 9 10 11 12 13 14 | 14.0
Short Blades   | 2 4 6 7 8 9 10 11 12 13 14 | 14.0
Shields        | 2 3 5 6 7 8 |  8.0
Charms         | 6 9 |  9.7
Air Magic      | 3 |  3.0

Action                   |  1- 3 |  4- 6 |  7- 9 | 10-12 | 13-15 | 16-18 | 19-21 | 22-24 || total
-------------------------+-------+-------+-------+-------+-------+-------+-------+-------++-------
Melee: Dagger            |   124 |   170 |   416 |   366 |  1494 |   564 |       |       ||  3134
       Short sword       |       |       |       |       |       |    16 |       |       ||    16
       Rapier            |       |       |       |       |       |   859 |  1347 |   904 ||  3110
 Cast: Corona            |     5 |       |       |       |       |       |       |       ||     5
       Ensorcelled Hiber |    16 |    39 |    65 |    51 |   126 |    86 |    20 |     6 ||   409
       Confuse           |       |    10 |    48 |    65 |    43 |    69 |    86 |    43 ||   364
       Dazzling Spray    |       |       |     8 |    10 |    21 |   149 |    42 |    14 ||   244
       Tukima's Dance    |       |       |     8 |     1 |     3 |     7 |     5 |     1 ||    25
       Invisibility      |       |       |       |     5 |    18 |    34 |    29 |    22 ||   108
       Discord           |       |       |       |       |     6 |    12 |    40 |    33 ||    91
       Silence           |       |       |       |       |       |     2 |       |       ||     2
       Apportation       |       |       |       |       |       |       |     3 |       ||     3
       Deflect Missiles  |       |       |       |       |       |       |       |     1 ||     1
Invok: Shadow Step       |       |       |       |       |     2 |     6 |     5 |     4 ||    17
Evoke: Wand              |       |       |       |       |     1 |       |     1 |       ||     2
       Phantom mirror    |       |       |       |       |       |     1 |       |       ||     1
  Use: Scroll            |     3 |     8 |    17 |     4 |    12 |    12 |     9 |    14 ||    79
       Potion            |       |       |     1 |     1 |     9 |    27 |     5 |    10 ||    53
 Stab: Sleeping          |    16 |    32 |    50 |    72 |   207 |   110 |   155 |    63 ||   705
       Distracted        |     1 |       |       |     2 |     7 |     7 |    12 |    29 ||    58
       Confused          |       |     5 |    27 |    37 |    38 |    35 |    56 |    28 ||   226
       Invisible         |       |       |     2 |    17 |   116 |   172 |   110 |   107 ||   524
       Paralysed         |       |       |       |       |     1 |       |       |       ||     1
       Held in net/web   |       |       |       |       |       |     2 |       |       ||     2
  Eat: Royal jelly       |       |     1 |     2 |     5 |     5 |     3 |     2 |     4 ||    22
       Bread ration      |       |     1 |       |       |     1 |     3 |     4 |     2 ||    11
       Fruit             |       |       |     3 |       |     8 |    14 |     4 |     6 ||    35
Armor: Robe              |    15 |    19 |    38 |    15 |    34 |    24 |    20 |    14 ||   179
Dodge: Dodged            |   101 |   149 |   331 |   231 |   736 |   936 |   494 |   358 ||  3336
       Deflected         |       |       |       |       |       |       |       |     7 ||     7
Block: Buckler           |       |       |       |       |   201 |   541 |   324 |   189 ||  1255
       Reflection        |       |       |       |       |     5 |    60 |    42 |    25 ||   132
